Map: King's Cove LE

Players

THEYNECK - Winner!

  • Race: Terran Terran
  • League: Master
  • Spawn Location: 11:00

Mez

  • Race: Terran Terran
  • League: Master
  • Spawn Location: 5:00

VOD

Have the link to the VOD?

Description

Time

  • Played on: Aug. 15, 2019, 4:15 p.m.
  • Length: 2:42
Show
View Real Time Build Order
Export as new Build Order

THEYNECK Terran - Winner!

Build Orders:  

Get SALT Encoding   

  12  0:01  SCV  
  13  0:13  SCV  
  14  0:19  Supply Depot  
  14  0:25  SCV  
  15  0:43  Barracks  
  15  0:46  Refinery  
  15  0:59  Barracks  
  15  1:14  Barracks  
  15  1:25  Refinery  
  15  1:30  Reaper  
  16  1:37  SCV  
  17  1:47  Reaper  
  19  2:01  Bunker, Reaper  
Show
View Real Time Build Order
Export as new Build Order

Mez Terran 

Build Orders: Gas First Reaper Expand 

Get SALT Encoding   

  12  0:00  SCV  
  13  0:13  SCV  
  14  0:18  Supply Depot  
  14  0:26  SCV  
  15  0:31  Refinery  
  15  0:40  SCV  
  16  0:46  Barracks  
  16  0:53  SCV  
  17  1:05  SCV  
  18  1:17  SCV  
  19  1:34  Reaper, Orbital Command  
  20  1:46  Command Center  
  20  1:58  Factory  
  20  2:03  SCV  
  22  2:28  Supply Depot  
Tags
 
Add a new tag
Caveats
  • Supply blocks, unpowered buildings, or Contaminate may cause inaccurate times.
  • Supply counts are checked every 10 seconds.